 Dungeon Crawl Stone Soup version 0.30.1-9-gdf580d7c3d (webtiles) character file.

Game seed: 4145791128411546685

191 Wiggles the Chopper (level 5, 0/47 HPs)
             Began as a Minotaur Berserker on Oct 20, 2023.
             Was a Believer of Trog.
             Slain by a gnoll
             ... wielding a +0 flail
             ... led by a gnoll bouda
              (5 damage)
             ... on level 4 of the Dungeon.
             The game lasted 00:03:44 (2261 turns).

Wiggles the Chopper (Minotaur Berserker)            Turns: 2261, Time: 00:03:44

Health: 0/47       AC: 10    Str: 24    XL:     5   Next: 42%
Magic:  4/4        EV: 10    Int:  4    God:    Trog [**....]
Gold:   164        SH:  5    Dex:  9    Spells: 4/4 levels left

rFire   . . .        a - +0 hand axe
rCold   . . .        (no shield)
rNeg    . . .        n - +0 scale mail {rPois}
rPois   +            e - +1 hat
rElec   .            o - +0 cloak
rCorr   .            c - +0 pair of gloves
SInv    .            (no boots)
Will    .....        i - amulet of reflection Stlth
                     (no ring)
HPRegen 0.27/turn    (no ring)
MPRegen 0.09/turn

%: reflection
@: on berserk cooldown, slowed, very slow
A: horns 2, retaliatory headbutt
a: Renounce Religion, Berserk, Trog's Hand


You were on level 4 of the Dungeon.
You worshipped Trog.
Trog was pleased with you.
You visited 1 branch of the dungeon, and saw 4 of its levels.

You collected 164 gold pieces.

Inventory:

Hand Weapons
 a - a +0 hand axe (weapon)
Missiles
 h - a throwing net (quivered)
Armour
 c - a +0 pair of gloves (worn)
 e - a +1 hat (worn)
 n - a +0 scale mail of poison resistance (worn)
 o - a +0 cloak (worn)
Jewellery
 i - an amulet of reflection (around neck)
 r - an amulet of regeneration
Wands
 j - a wand of roots (5)
 p - a wand of flame (22)
Scrolls
 b - a scroll of teleportation {unknown}
 d - 4 scrolls of identify {unknown}
 g - 2 scrolls of magic mapping {unknown}
 k - a scroll of fear {unknown}
 q - a scroll of enchant armour {unknown}
Potions
 f - a potion of haste {unknown}
 l - a potion of flight {unknown}
 m - a potion of lignification {unknown}


   Skills:
 + Level 4.5 Fighting
 + Level 5.7 Axes
 + Level 3.4 Armour
 + Level 2.5 Dodging
 + Level 0.2 Stealth
 + Level 1.9 Shields


You had 4 spell levels left.
You didn't know any spells.
Your spell library was empty.

Dungeon Overview and Level Annotations

Branches:
Dungeon (4/15)
 Temple: D:4-7

Altars:
Hepliaklqana
Nemelex Xobeh
Qazlal
Sif Muna
Uskayaw
Vehumet
Wu Jian

Shops:
D:3 (


Innate Abilities, Weirdness & Mutations

You have a pair of horns on your head.
You reflexively headbutt those who attack you in melee.


Message History

The gnoll hits you from afar with a +0 spear.
You block the gnoll's attack. The gnoll hits you with a +0 flail.
Found a pair of gloves.
Things that are here:
a +0 quarterstaff; a +0 leather armour You hit the gnoll.
You kill the gnoll!
Trog accepts your kill.
You slash the gnoll! You barely miss the gnoll. You closely miss the gnoll.
The gnoll hits you with a +0 flail. The gnoll hits you but does no damage.
The gnoll completely misses you.
Found a plate armour.
You block the gnoll's attack. The gnoll barely misses you.
The gnoll hits you but does no damage. The gnoll hits you with a +0 spear.
Things that are here:
a +0 spear; a gnoll corpse You feel a strong urge to attack something.
You are no longer berserk.
You are exhausted.
You feel yourself slow down.
A hobgoblin comes into view.
The gnoll hits you from afar with a +0 halberd.
The hobgoblin shouts!
You hit the gnoll.
The gnoll is moderately wounded.
You closely miss the gnoll. You hit the gnoll.
The gnoll hits you with a +0 flail!
The gnoll hits you from afar with a +0 halberd!
* * * LOW HITPOINT WARNING * * *
The gnoll hits you with a +0 spear.
* * * LOW HITPOINT WARNING * * *
The gnoll barely misses you.
You slash the gnoll!
The gnoll is severely wounded.
You hit the gnoll. You barely miss the gnoll. The gnoll barely misses you.
You furiously retaliate!
You headbutt the gnoll, but do no damage.
You block the gnoll's attack. The gnoll hits you but does no damage.
The gnoll barely misses you. The gnoll hits you with a +0 flail.
You die...

.#.###
#.....#################
#......#...........>...
#.....#.#.#############
..[...#.#.# #.....#.#.#
###### #.).#. ......
#ggg## ###### #@g.#
#.#.#.# #.#.#.# #.#.#.#
..)#g.. ... . . #... [.
#. .#.# #. ... ##.


You could see 4 gnolls and a hobgoblin.

Vanquished Creatures
  A gnoll bouda (D:4)
  5 gnolls
  3 adders
  3 worms (D:2)
  3 dart slugs
  4 bats
  6 endoplasms
  4 giant cockroaches
  8 goblins
  8 hobgoblins
  2 jackals (D:3)
  6 kobolds
  6 quokkas
  6 ball pythons
  A frilled lizard (D:2)
  7 rats
73 creatures vanquished.

Notes
Turn   | Place    | Note
-------+----------+-------------------------------------------
     0 | D:1      | Wiggles the Minotaur Berserker began the quest for the Orb.
     0 | D:1      | Reached XP level 1. HP: 19/19 MP: 0/0
    28 | D:1      | Reached XP level 2. HP: 24/27 MP: 1/1
    33 | D:1      | Reached skill level 4 in Axes
   110 | D:1      | You fall into a shaft and drop 1 floor!
   461 | D:1      | Reached ** piety under Trog
   501 | D:2      | Reached XP level 3. HP: 32/33 MP: 2/2
   975 | D:2      | Reached XP level 4. HP: 26/40 MP: 3/3
  1350 | D:3      | Reached skill level 5 in Axes
  1392 | D:3      | Reached skill level 1 in Shields
  1478 | D:3      | Found Vianetud's Antique Weapon Boutique.
  1860 | D:3      | Reached XP level 5. HP: 16/47 MP: 4/4
  2004 | D:3      | Reached *** piety under Trog
  2057 | D:3      | Found a hide-covered altar of Uskayaw.
  2064 | D:3      | Found a sparkling altar of Nemelex Xobeh.
  2065 | D:3      | Found a shimmering blue altar of Sif Muna.
  2065 | D:3      | Found a stormy altar of Qazlal.
  2066 | D:3      | Found an ornate altar of the Wu Jian Council.
  2070 | D:3      | Found a radiant altar of Vehumet.
  2072 | D:3      | Found a hazy altar of Hepliaklqana.
  2261 | D:4      | Slain by a gnoll

Illustrated notes

Levels and vault maps discovered:
D:1:      giann_bridges, layout_rooms
D:2:      layout_basic, grunt_decor_junction
D:3:      layout_loops_ring, minitemple, serial_shops, shop,
          nicolae_underground_beach
D:4:      nicolae_BIG_FREAKIN_CUBE, layout_rooms, nicolae_ru_awakened_eye

Skill      XL: |  1  2  3  4 |
---------------+-------------+-----
Axes           | 4 5 |  5.7
Fighting       | 4 |  4.5
Armour         | 3 |  3.4
Shields        | 1 |  1.9
Dodging        | |  2.5
Stealth        | |  0.2

Action                     |  1- 3 |  4- 6 || total
---------------------------+-------+-------++-------
  Melee: Hand axe          |    71 |    91 ||   162
         Headbutt          |    12 |    13 ||    25
         Punch             |     1 |     1 ||     2
 Invoke: Berserk           |       |     1 ||     1
 Armour: Leather armour    |    15 |       ||    15
         Scale mail        |     2 |    36 ||    38
  Dodge: Dodged            |    33 |    45 ||    78
  Block: Other             |    11 |    22 ||    33
         Reflection        |     1 |       ||     1
